 Dungeon Crawl Stone Soup version 0.17.1-2-g5865329 (webtiles) character file.

37 ololoev the Covered (level 3, -3/29 HPs)
             Began as a Demonspawn Fighter on Jan 19, 2016.
             Killed by nerve-wracking pain
             ... invoked by Grinder
              (9 damage)
             ... while paralysed by Grinder
             ... on level 3 of the Dungeon.
             The game lasted 00:02:53 (444 turns).

ololoev the Covered (Demonspawn Fighter)             Turns: 444, Time: 00:02:53

Health: -3/29      AC: 11    Str: 22    XL:     3   Next: 23%
Magic:  1/1        EV:  2    Int:  9    God:
Gold:   97         SH:  0    Dex: 11    Spells: 0 memorised, 2 levels left

rFire  . . .     SeeInvis +     g - +2 falchion (antimagic)
rCold  . . .     Clarity  .     b - +0 scale mail
rNeg   . . .     SustAt   .     c - +0 shield
rPois  .         Gourm    +     (helmet restricted)
rElec  .         Spirit   .     l - +0 cloak (curse)
rCorr  .         Warding  .     (no gloves)
rMut   .         Stasis   .     (no boots)
MR     .....                    f - amulet of the gourmand
Stlth  ..........               (no ring)
                                (no ring)

@: paralysed, mighty, not resistant to hostile enchantments, extremely
unstealthy
A: antennae 1, rough black scales 1, see invisible, mutation resistance 1
a: no special abilities


Innate Abilities, Weirdness & Mutations

You are partially covered in rough black scales (AC +4, Dex -1).
You have a pair of small antennae on your head.
You have supernaturally acute eyesight.
You are somewhat resistant to further mutation.

Inventory:

Hand Weapons
 a - a +0 war axe
 g - a +2 antimagic falchion (weapon)
Armour
 b - a +0 scale mail (worn)
 c - a +0 shield (worn)
 l - a cursed +0 cloak (worn)
 n - a +0 helmet
Jewellery
 f - an amulet of the gourmand (around neck)
Scrolls
 j - a scroll of noise {unknown}
 k - a scroll of remove curse {unknown}
 m - a scroll of teleportation {unknown}
Comestibles
 e - a bread ration
 i - 2 meat rations


   Skills:
 - Level 3.0 Fighting
 * Level 3.0 Axes
 + Level 3.1 Armour
 - Level 2.6 Shields


You had 2 spell levels left.
You didn't know any spells.


You were on level 3 of the Dungeon.
You were not hungry.

You visited 1 branch of the dungeon, and saw 3 of its levels.

You collected 97 gold pieces.

# #. #.. ##)..
######
#.....###....####
#......<........#
#..........@...$#
#.........5.....#
##....###....####
#.... ####..#
#.%.. #..# ##.#
#.# #. .. ...

Notes
Turn   | Place    | Note
--------------------------------------------------------------
     0 | D:1      | ololoev the Demonspawn Fighter began the quest for the Orb.
     0 | D:1      | Reached XP level 1. HP: 18/18 MP: 1/1
    31 | D:1      | Found an iron altar of Okawaru.
    88 | D:1      | Gained mutation: You are partially covered in rough black scales (AC +4, Dex -1). [demonic ancestry]
    88 | D:1      | Reached XP level 2. HP: 17/24 MP: 0/2
   319 | D:2      | Reached XP level 3. HP: 20/29 MP: 1/3
   382 | D:2      | Found a white marble altar of Elyvilon.
   433 | D:3      | Noticed Grinder
   440 | D:3      | Gained mutation: You have supernaturally acute eyesight. [potion of mutation]
   440 | D:3      | Gained mutation: You have a pair of small antennae on your head. [potion of mutation]
   440 | D:3      | Gained mutation: You are somewhat resistant to further mutation. [potion of mutation]
   442 | D:3      | Paralysed by Grinder for 6 turns
   444 | D:3      | Killed from afar by Grinder

Dungeon Overview and Level Annotations

Branches:
Dungeon (3/15)

Altars:
Elyvilon
Okawaru

Annotations:
D:3 Grinder


Message History

You climb upwards.
Found a robe.
There is a stone staircase leading down here.
You climb downwards.
There is a stone staircase leading up here.
Found 13 gold pieces.
Found a stone staircase leading down.
There is a stone staircase leading down here.
You climb downwards.
Grinder comes into view.
Grinder shouts!
Found a whip and a beef jerky.
There is a stone staircase leading up here.
Drink which item? (? for menu, Esc to quit)
You feel very mighty all of a sudden.
Found 14 gold pieces.
Your shield and scale mail prevent you from hitting Grinder.
Grinder hits you but does no damage.
You barely miss Grinder. Grinder hits you.
You writhe in agony.
Grinder gestures.
Grinder blinks!
Grinder says, "Don't move a muscle."
Grinder gestures at you. Pain shoots through your body!
Grinder gestures.
Grinder blinks!
Drink which item? (? for menu, Esc to quit)
It was a potion of mutation.
You feel extremely strange.
Your vision sharpens.
A pair of antennae grows on your head!
Your +0 helmet falls away!
You feel genetically stable. Grinder gestures at you.
You barely resist. You closely miss Grinder. Grinder gestures at you.
You suddenly lose the ability to move!
Grinder barely misses you. Grinder gestures at you.
Pain shoots through your body!
You die...

You could see Grinder.

Vanquished Creatures
  An adder (D:2)
  2 giant geckos (D:1)
  2 bats (D:1)
  A giant cockroach (D:1)
  3 hobgoblins (D:1)
  4 jackals (D:2)
  A ball python (D:1)
  2 giant newts
  2 goblins (D:1)
  6 kobolds (D:1)
  2 rats (D:1)
26 creatures vanquished.

Action                   || total
-------------------------++-------
Melee: Falchion          ||    88
       War axe           ||    11
  Use: Potion            ||     2

Vault maps used:
D:1:      dpeg_arrival_tiny_a, okawaru_ov_weapons_minmay
D:2:      lemuel_crystal_altar, nicolae_ru_awakened_eye, elyvilon_altar_5,
          bloody_makhleb
D:3:      lemuel_coloured_pillars_altar, uniq_grinder
